 Dungeon Crawl Stone Soup version 0.24.0-1-gfbc8707122 (console) character file.

Game seed: 16672074886539862708, levelgen mode: deterministic

26809 AlterAsc the Thaumaturge (level 13, -9/93 HPs)
             Began as a Purple Draconian Fire Elementalist on Oct 25, 2019.
             Was a High Priest of Sif Muna.
             Mangled by a shadow (35 damage)
             ... on level 13 of the Dungeon.
             The game lasted 03:18:14 (20393 turns).

AlterAsc the Thaumaturge (DrFE)                    Turns: 20393, Time: 03:18:15

Health: -9/93      AC: 16    Str: 11    XL:     13   Next: 1%
Magic:  10/30      EV: 28    Int: 23    God:    Sif Muna [*****.]
Gold:   1180       SH:  0    Dex: 12    Spells: 16/38 levels left

rFire    . . .     SeeInvis .   n - +4 quarterstaff (chaos)
rCold    + . .     Gourm    .   (shield currently unavailable)
rNeg     . . .     Faith    .   (armour unavailable)
rPois    .         Spirit   .   q - +2 hat
rElec    .         Reflect  .   P - +2 cloak
rCorr    .         Harm     .   (no gloves)
MR       +....                  T - +2 pair of boots
Stlth    +++.......             D - amulet of the acrobat
HPRegen  0.25/turn              W - ring of wizardry
MPRegen  0.22/turn              F - ring of Ruasyics {+Blink rC+ Int+3 Stlth+}

@: acrobat
A: breathe power, unfitting armour, cold-blooded, AC +8
a: Breathe Dispelling Energy, Channel Magic, Forget Spell, Divine Exegesis,
Renounce Religion, Evoke Blink


You were on level 13 of the Dungeon.
You worshipped Sif Muna.
Sif Muna was extremely pleased with you.
You were hungry.

You visited 3 branches of the dungeon, and saw 17 of its levels.

You collected 1238 gold pieces.
You spent 58 gold pieces at shops.

Inventory:

Hand Weapons
 d - a +2 quarterstaff of protection
 n - a +4 quarterstaff of chaos (weapon)
 p - a +2 battleaxe of electrocution
 H - a +2 spear of venom
 K - a +1 shortbow of velocity
Missiles
 A - 277 arrows
Armour
 q - a +2 hat (worn)
 P - a +2 cloak (worn)
 R - a scarf of cloud immunity
 T - a +2 pair of boots (worn)
Magical Staves
 X - an uncursed staff of death
Jewellery
 c - an uncursed ring of ice
 i - a +4 ring of dexterity
 D - an amulet of the acrobat (around neck)
 F - the ring of Ruasyics (right hand) {+Blink rC+ Int+3 Stlth+}
   (You found it on level 4 of the Dungeon)

   [ring of stealth]

   It affects your intelligence (+3).
   It protects you from cold.
   It lets you blink.
   It makes you more stealthy.
 G - a +4 ring of strength
 W - a ring of wizardry (left hand)
Wands
 I - a wand of clouds (5)
 J - a wand of digging (4)
 M - a wand of paralysis (17)
 U - a wand of polymorph (13)
 V - a wand of iceblast (17)
 Z - a wand of flame (19)
Scrolls
 a - 5 scrolls of remove curse
 e - a scroll of torment {unknown}
 g - 2 scrolls of identify
 j - 6 scrolls of immolation
 k - a scroll of blinking
 o - a scroll of teleportation
 s - 2 scrolls of fear {unknown}
 u - a scroll of enchant armour
 w - a scroll of magic mapping {unknown}
 z - 2 scrolls of enchant weapon
 Q - a scroll of noise {unknown}
 S - 2 scrolls of random uselessness {unknown}
 Y - a scroll of holy word {unknown}
Potions
 f - 2 potions of magic {unknown}
 h - 2 potions of flight
 l - a potion of resistance {unknown}
 m - 2 potions of lignification {unknown}
 r - a potion of degeneration
 t - 4 potions of might
 v - 2 potions of brilliance
 B - 2 potions of agility {unknown}
 C - 5 potions of curing
 L - a potion of ambrosia {unknown}
 O - a potion of cancellation {unknown}
Comestibles
 b - 9 rations


   Skills:
 - Level 2.4 Fighting
   Level 1.6 Short Blades
   Level 0.4(1.1) Long Blades
 - Level 1.1 Staves
 - Level 3.6 Dodging
 - Level 3.8 Stealth
 + Level 13.4 Spellcasting
 + Level 12.1 Conjurations
 + Level 12.4 Fire Magic
 - Level 0.5 Invocations


You had 16 spell levels left.
You knew the following spells:

 Your Spells              Type           Power        Failure   Level  Hunger
a - Flame Tongue          Conj/Fire      #####        1%          1    None
b - Throw Flame           Conj/Fire      ######       1%          2    None
c - Conjure Flame         Conj/Fire      ######..     1%          3    None
d - Sticky Flame          Conj/Fire      ######..     1%          4    None
e - Fireball              Conj/Fire      ######....   1%          5    ###....
f - Slow                  Hex            ###.....     2%          2    None
g - Irradiate             Conj/Tmut      #####.....   3%          5    ###....

Your spell library contained the following spells:

 Spells                   Type           Power        Failure   Level  Hunger
 Inner Flame              Hex/Fire       #####...     1%          3    None
 Hydra Form               Tmut           ###.......   91%         6    #####..
 Statue Form              Tmut/Erth      ###......    91%         6    #####..
 Dragon Form              Tmut           ###.......   100%        7    ######.
 Discord                  Hex            ###.......   100%        8    #######


Dungeon Overview and Level Annotations

Branches:
Dungeon (15/15)            Temple (1/1) D:7            Lair (1/6) D:9
    Orc (0/2) D:9          Vaults (0/5) D:13
 Depths: D:15

Altars:
Ashenzari
Cheibriados
Dithmenos
Elyvilon
Fedhas
Gozag
Hepliaklqana
Kikubaaqudgha
Makhleb
Nemelex Xobeh
Okawaru
Qazlal
Ru
Sif Muna
Trog
Uskayaw
Vehumet
Wu Jian
Xom
Yredelemnul
Zin
The Shining One
Lugonu

Shops:
D:11 (   D:13 [

Annotations:
D:9 3 runed translucent doors, Mrkan's ghost, novice TrMo
D:13 3 runed translucent doors, ChadusMaximus's ghost, journeyman MiBe


Innate Abilities, Weirdness & Mutations

You can breathe bolts of dispelling energy.
Your rich purple scales are hard. (AC +8)
You cannot fit into any form of body armour.
You are cold-blooded and may be slowed by cold attacks.


Message History

Casting: Fireball (safe; 1% risk of failure)
Confirm with . or Enter, or press ? or * to list all spells.
Aiming: Conjure Flame (safe; 1% risk of failure)
Press: ? - help, Dir - move target cursor The fire ignites!
Casting: Conjure Flame (safe; 1% risk of failure)
Confirm with . or Enter, or press ? or * to list all spells.
Aiming: Conjure Flame (safe; 1% risk of failure)
Press: ? - help, Dir - move target cursor The fire ignites!
The shadow slips into darkness.
The shadow flickers and vanishes!
Deactivating autopickup; reactivate with Ctrl-A.
You see here an arrow.
Things that are here:
a +0 shortbow; a +0 robe
Things that are here:
2 large rocks; 2 stones The shadow strikes at you from the darkness!
You die...

#. ..?...# #....... #..
......##.# #....... #..
......##.# #....... ##..#
......##.# #.......
.##....##'.....##.# #.......
#........# #.# #...####
##........## #.# #...#
###..........#######.###...#
.......⌠⌠...[†@(......'#...#
......⌠⌠.[[.(..(.(†.(((.(.#
#..........#######.###...####
#........## #.# #.......
#........# #.# #.......
.'##....##'..... #.# #.......
##..## ...... #.# #.......
#..# ...... #.# #....... #..#
...... #.# #.......


There were no monsters in sight!

Vanquished Creatures
  Fannar (D:11)
  2 hydras (D:13)
  A death knight (D:12)
  A centaur warrior (D:13)
  Erica (D:11)
  2 two-headed ogres
  A tengu warrior (D:13)
  An ugly thing (D:11)
  A cyclops (D:13)
  2 deep elf magi
  2 manticores
  A centaur zombie (D:12)
  A spiny frog (Lair:1)
  Joseph (D:7)
  A gargoyle (D:12)
  2 kobold demonologists (D:12)
  3 freezing wraiths (D:12)
  A komodo dragon (D:9)
  3 trolls
  3 tengu conjurers (D:13)
  A troll (shapeshifter) (D:13)
  A hornet (D:10)
  Prince Ribbit (D:7)
  Grinder (D:6)
  8 slime creatures
  6 hippogriffs
  3 wraiths
  A vampire (D:13)
  A wyvern (D:8)
  3 hungry ghosts (D:9)
  4 hogs (D:8)
  A human (D:8)
  12 yaks
  2 basilisks
  A steam dragon (D:11)
  An acid dragon (D:13)
  2 ice beasts (D:10)
  A hornet zombie (D:10)
  2 phantoms
  4 sky beasts
  5 orc warriors
  2 necrophages
  4 ogres
  14 centaurs
  A crocodile (D:8)
  4 big kobolds
  7 bullfrogs
  A water moccasin zombie (D:8)
  A wyvern skeleton (D:13)
  3 scorpions
  6 killer bees
  A troll zombie (D:9)
  3 wights (D:10)
  7 howler monkeys
  An electric eel (D:9)
  6 crimson imps
  A quasit (D:13)
  Crazy Yiuf (D:6)
  A bullfrog zombie (D:8)
  4 hounds
  2 jellies (D:12)
  3 orc priests
  15 orc wizards
  3 centaur skeletons
  4 iguanas
  17 worker ants
  A killer bee zombie (D:8)
  7 ogre zombies (D:9)
  2 hound skeletons
  2 worker ant zombies (D:6)
  5 gnolls
  10 adders
  A howler monkey skeleton (D:4)
  3 shadow imps
  An adder zombie (D:6)
  4 worms
  3 dart slugs (D:2)
  3 leopard geckos
  51 orcs
  2 ball pythons
  5 giant cockroaches
  6 goblins
  6 hobgoblins
  6 jackals
  4 quokkas
  4 bats
  5 frilled lizards
  5 hobgoblin skeletons (D:9)
  2 hobgoblin zombies (D:9)
  2 jackal skeletons
  24 kobolds
  A leopard gecko skeleton (D:6)
  2 orc skeletons (D:9)
  17 orc zombies (D:9)
  A quokka skeleton (D:7)
  10 rats
399 creatures vanquished.

Vanquished Creatures (others)
  A human (D:6)
  4 plants
5 creatures vanquished.

Grand Total: 404 creatures vanquished

Notes
Turn   | Place    | Note
-------+----------+-------------------------------------------
     0 | D:1      | AlterAsc the Draconian Fire Elementalist began the quest
                  | for the Orb.
     0 | D:1      | Reached XP level 1. HP: 14/14 MP: 3/3
   315 | D:1      | Reached XP level 2. HP: 20/20 MP: 1/5
   719 | D:2      | Learned a level 2 spell: Throw Flame
   876 | D:2      | Reached XP level 3. HP: 26/26 MP: 4/6
  1167 | D:2      | Found a shimmering blue altar of Sif Muna.
  1174 | D:2      | Became a worshipper of Sif Muna the Loreminder
  1244 | D:2      | Found a radiant altar of Vehumet.
  1248 | D:2      | Found a basalt altar of Yredelemnul.
  1829 | D:3      | Reached XP level 4. HP: 33/33 MP: 2/7
  2445 | D:3      | Reached skill level 3 in Spellcasting
  2561 | D:3      | Reached XP level 5. HP: 32/38 MP: 0/9
  2882 | D:3      | Found a sparkling altar of Nemelex Xobeh.
  3084 | D:3      | Reached * piety under Sif Muna
  3351 | D:3      | Noticed a two-headed ogre
  3565 | D:4      | Reached XP level 6. HP: 32/45 MP: 0/11
  3680 | D:4      | Found an ornate altar of the Wu Jian Council.
  3736 | D:4      | Reached skill level 1 in Short Blades
  4403 | D:4      | Reached skill level 4 in Spellcasting
  4523 | D:4      | Your scales start taking on a rich purple colour.
  4523 | D:4      | Reached XP level 7. HP: 50/50 MP: 4/14
  4551 | D:5      | Entered Level 5 of the Dungeon
  4806 | D:4      | Got a heavily runed granite ring
  5018 | D:5      | Reached skill level 5 in Spellcasting
  5018 | D:5      | Reached skill level 5 in Fire Magic
  5473 | D:5      | Found a shadowy altar of Dithmenos.
  5730 | D:3      | Learned a level 3 spell: Conjure Flame
  6441 | D:6      | Noticed Grinder
  6460 | D:6      | Paralysed by Grinder for 3 turns
  7084 | D:7      | Reached ** piety under Sif Muna
  7104 | D:7      | Reached XP level 8. HP: 42/58 MP: 1/16
  7216 | D:7      | Found a staircase to the Ecumenical Temple.
  7265 | D:7      | Noticed Prince Ribbit
  7307 | D:7      | Reached skill level 6 in Spellcasting
  7399 | D:7      | Reached skill level 5 in Conjurations
  7487 | D:7      | Noticed a hippogriff
  7534 | D:7      | Reached skill level 1 in Fighting
  7731 | D:7      | Killed a hippogriff
  8059 | Temple   | Entered the Ecumenical Temple
  8298 | D:8      | Found a stormy altar of Qazlal.
  8304 | D:8      | Reached skill level 7 in Spellcasting
  8424 | D:7      | HP: 1/59 [orc warrior/+0 long sword (15)]
  8494 | D:6      | Found an ancient bone altar of Kikubaaqudgha.
  8760 | D:6      | Learned a level 4 spell: Sticky Flame
  8766 | D:6      | Learned a level 5 spell: Fireball
  8940 | D:6      | Killed Grinder
  8940 | D:6      | Reached XP level 9. HP: 57/64 MP: 7/20
  9053 | D:6      | Found a runed translucent door.
  9054 | D:6      | Noticed Crazy Yiuf
  9064 | D:6      | Killed Crazy Yiuf
  9308 | D:7      | Noticed Joseph
  9331 | D:7      | Killed Joseph
  9504 | D:7      | Identified the ring of Ruasyics {+Blink rC+ Int+3 Stlth+}
                  | (You found it on level 4 of the Dungeon)
  9526 | D:7      | Killed Prince Ribbit
  9805 | D:7      | Reached skill level 8 in Spellcasting
 10288 | D:8      | Reached skill level 1 in Staves
 10700 | D:8      | Reached *** piety under Sif Muna
 10908 | D:8      | Found an iron altar of Okawaru.
 10936 | D:8      | Found a shattered altar of Ashenzari.
 11104 | D:8      | Found an ancient bone altar of Kikubaaqudgha.
 11481 | D:8      | Reached XP level 10. HP: 74/74 MP: 12/22
 11482 | D:8      | Upgraded the game from 0.24.0 to 0.24.0-1-gfbc8707122
 11685 | D:8      | Reached skill level 9 in Spellcasting
 11959 | D:9      | Found an opulent altar of Gozag.
 11984 | D:9      | Found a staircase to the Lair.
 12185 | Lair:1   | Entered Level 1 of the Lair of Beasts
 12185 | Lair:1   | Noticed a spiny frog
 12249 | D:9      | Reached **** piety under Sif Muna
 12295 | Lair:1   | Noticed a seven-headed hydra
 12305 | Lair:1   | Killed a spiny frog
 12838 | D:9      | Found a blossoming altar of Fedhas.
 12918 | D:9      | Reached skill level 10 in Spellcasting
 13155 | D:9      | Found a staircase to the Orcish Mines.
 13176 | D:9      | Reached ***** piety under Sif Muna
 13358 | D:9      | Received a gift from Sif Muna
 13376 | D:9      | Noticed a two-headed ogre
 13391 | D:9      | Killed a two-headed ogre
 13555 | D:9      | Reached XP level 11. HP: 80/80 MP: 17/25
 13694 | D:9      | Found a runed translucent gate.
 13694 | D:9      | Found a runed translucent gate.
 13694 | D:9      | Found a runed translucent gate.
 13695 | D:9      | Noticed Mrkan's ghost (novice TrMo)
 13711 | D:10     | Entered Level 10 of the Dungeon
 13884 | D:10     | Noticed a two-headed ogre
 13942 | D:10     | Killed a two-headed ogre
 14668 | D:11     | Noticed Fannar
 14675 | D:11     | Killed Fannar
 14675 | D:11     | Reached skill level 10 in Fire Magic
 14731 | D:11     | Noticed Erica
 14796 | D:11     | Reached skill level 11 in Spellcasting
 14951 | D:11     | Killed Erica
 14951 | D:11     | Reached skill level 10 in Conjurations
 15568 | D:11     | Found Zubitua's Weapon Shop.
 15825 | D:11     | Noticed a purple ugly thing
 15854 | D:11     | Killed a purple ugly thing
 16594 | D:12     | Reached skill level 12 in Spellcasting
 16624 | D:11     | Reached XP level 12. HP: 72/88 MP: 1/28
 16743 | D:12     | Learned a level 3 spell: Inner Flame
 16958 | D:12     | Noticed a death knight
 17050 | D:12     | Killed a death knight
 17801 | D:13     | Found Weuhaunt's Armour Emporium.
 17809 | D:13     | Bought a +0 pair of boots for 58 gold pieces
 17850 | D:13     | Identified Vas Fiph's Papyrus of Curses (Sif Muna gifted it
                  | to you on level 13 of the Dungeon)
 17850 | D:13     | Received a gift from Sif Muna
 17857 | D:13     | Learned a level 2 spell: Slow
 17863 | D:13     | Learned a level 5 spell: Irradiate
 17943 | D:13     | Noticed a six-headed hydra
 17945 | D:13     | Noticed a six-headed hydra
 18090 | D:14     | Noticed a centaur warrior
 18110 | D:14     | Noticed a centaur warrior
 18149 | D:15     | Entered Level 15 of the Dungeon
 19014 | D:13     | Killed a six-headed hydra
 19014 | D:13     | Reached skill level 13 in Spellcasting
 19053 | D:13     | Found a gate to the Vaults.
 19091 | D:13     | Killed a six-headed hydra
 19383 | D:13     | Noticed a tengu warrior
 19388 | D:13     | Killed a tengu warrior
 19895 | D:13     | Found a runed translucent gate.
 19895 | D:13     | Found a runed translucent gate.
 19896 | D:13     | Found a runed translucent gate.
 19897 | D:13     | Noticed a 12-headed hydra
 19898 | D:13     | Noticed ChadusMaximus's ghost (journeyman MiBe)
 19899 | D:13     | Noticed a 12-headed hydra
 20097 | D:13     | Noticed a centaur warrior
 20109 | D:13     | Killed a centaur warrior
 20336 | D:13     | Reached XP level 13. HP: 21/93 MP: 4/30
 20393 | D:13     | Mangled by a shadow

Levels and vault maps discovered:
D:1:      onia_arrival_handbag, layout_basic
D:2:      layout_basic, yredelemnul_altar_generic, vehumet_crystals,
          lemuel_round_altar
D:3:      layout_loops_corners, first_ration, minmay_statues_item, nrook_uturn,
          nemelex_spade_bored_becter
D:4:      layout_basic, old_standard_altar
D:5:      layout_cave_pools, lemuel_coloured_pillars_altar
D:6:      layout_basic, tgw_kikubaaqudgha, uniq_grinder, uniq_crazy_yiuf_cottage
D:7:      layout_loops_corners, minmay_temple_entry_junction_2,
          uniq_prince_ribbit1, uniq_joseph
D:8:      layout_cave_pools, grunt_qazlal_clouds, okawaru_altar_gauntlet_db,
          nicolae_overflow_hidden_temple, lemuel_doored_altar, grunt_livestock
D:9:      layout_basic, lemuel_round_altar, kennysheep_little_box,
          david_lair_shrubbed, zombieorc2_lemuel, gammafunk_ghost_nasty_kobolds
D:10:     layout_basic
D:11:     layout_basic, serial_shops, nicolae_shop_crystal, uniq_erica,
          uniq_fannar
D:12:     layout_irregular_city
D:13:     four-leaf_vault, layout_irregular_city, serial_shops,
          nicolae_shop_waterfront, gammafunk_ghost_hydra_chop
D:14:     layout_cave_pools, kennysheep_path_1, basic_altar
D:15:     gammafunk_depths_entry_grave, layout_irregular_city,
          chequers_serial_rivers_micro_a, lemuel_altar_in_water
Temple:   kb_corrupted_temple
Lair:1:   layout_regular_city, portal_ice_cave_entry_ice_beasts,
          grunt_megastairs_3

Skill      XL: |  1  2  3  4  5  6  7  8  9 10 11 12 |
---------------+-------------------------------------+-----
Stealth        | 2 3 |  3.8
Dodging        | 2 3 |  3.6
Spellcasting   | 3 4 5 7 8 10 12 13 | 13.4
Conjurations   | 2 3 4 6 7 9 10 12 | 12.1
Fire Magic     | 4 5 6 8 9 11 12 | 12.4
Short Blades   | 1 |  1.6
Fighting       | 1 2 |  2.4
Staves         | 1 |  1.1
Long Blades    | |  0.4
Invocations    | |  0.5

Action                   |  1- 3 |  4- 6 |  7- 9 | 10-12 | 13-15 || total
-------------------------+-------+-------+-------+-------+-------++-------
Melee: Unarmed           |     1 |       |       |       |       ||     1
       Short sword       |    10 |       |       |       |       ||    10
       Long sword        |     6 |     5 |       |       |       ||    11
       Dagger            |       |    12 |    44 |     9 |       ||    65
       Tailslap          |       |     1 |     3 |    12 |       ||    16
       Quarterstaff      |       |       |    11 |   141 |       ||   152
 Cast: Flame Tongue      |    47 |   106 |   260 |   294 |       ||   707
       Throw Flame       |    10 |    25 |    34 |    22 |       ||    91
       Conjure Flame     |       |       |    14 |    15 |     2 ||    31
       Sticky Flame      |       |       |     9 |    98 |       ||   107
       Fireball          |       |       |     8 |    62 |     1 ||    71
       Slow              |       |       |       |     1 |       ||     1
       Irradiate         |       |       |       |     1 |       ||     1
Invok: Channel Magic     |       |     1 |     1 |       |       ||     2
 Abil: Evoke Blink       |       |       |       |     3 |     1 ||     4
  Use: Scroll            |       |     4 |     3 |     9 |       ||    16
       Potion            |       |       |     6 |     1 |       ||     7
  Eat: Chunk             |     4 |     6 |    12 |    14 |       ||    36
       Ration            |       |     1 |     4 |     8 |       ||    13
Armor: Skin              |     1 |    30 |    54 |   150 |       ||   235
Dodge: Dodged            |    12 |    33 |   130 |   360 |       ||   535
       Rpst.: Long sword |     2 |     2 |       |       |       ||     4
